| TOP OF THE 1ST |
|
University of Southern California Trojans batting - Pitching for University of Minnesota Golden Gophers : LHP Dong-chan Kym
|
|
Pitching: LHP Dong-chan Kym
|
|
|
Batting: RHB Liangde Zhou
|
0-0: Ball 1-0: Called Strike 1-1: Ball 2-1: Called Strike 2-2: Foul Ball, location: 2F 2-2: Strikes out swinging
|
|
Batting: LHB Justin Veirs
|
0-0: Swinging Strike 0-1: Foul Ball, location: 2F 0-2: Ball 1-2: Foul Ball, location: 2F 1-2: Foul Ball, location: 2F 1-2: Foul Ball, location: 2F 1-2: Ball 2-2: Strikes out swinging
|
|
Batting: LHB John Rumbolt
|
0-0: Called Strike 0-1: Foul Ball, location: 2F 0-2: SINGLE (Line Drive, 56D, EV 98.1 MPH)
|
|
Batting: RHB Jeremy McAbee
|
0-0: Ball 1-0: Called Strike 1-1: Called Strike 1-2: Strikes out swinging
|
| Top of the 1st over - 0 runs, 1 hit, 0 errors, 1 left on base; University of Southern California 0 - University of Minnesota 0 |
| BOTTOM OF THE 1ST |
|
University of Minnesota Golden Gophers batting - Pitching for University of Southern California Trojans : RHP Nick Hayes
|
|
Pitching: RHP Nick Hayes
|
|
|
Batting: LHB Bobby Agterberg
|
0-0: Ball 1-0: Ground out U3 (Groundball, 3L, EV 90.0 MPH)
|
|
Batting: RHB Jian-zhang Zhào
|
0-0: Ground out 6-3 (Groundball, 6, EV 83.1 MPH)
|
|
Batting: LHB Jose Moncada
|
0-0: Ball 1-0: Ball 2-0: Swinging Strike 2-1: Ground out 4-3 (Groundball, 4, EV 101.2 MPH)
|
| Bottom of the 1st over - 0 runs, 0 hits, 0 errors, 0 left on base; University of Southern California 0 - University of Minnesota 0 |
| TOP OF THE 2ND |
|
University of Southern California Trojans batting - Pitching for University of Minnesota Golden Gophers : LHP Dong-chan Kym
|
|
Batting: RHB Jim Baltazar
|
0-0: Swinging Strike 0-1: Ball 1-1: Ball 2-1: Swinging Strike 2-2: Ball 3-2: Strikes out swinging
|
|
Batting: LHB Eric Rosenstein
|
0-0: Foul Ball, location: 2F 0-1: SINGLE (Groundball, 4D, EV 103.8 MPH)
|
|
Batting: RHB John Sandberg
|
0-0: Ball 1-0: Called Strike 1-1: Ball 2-1: Called Strike 2-2: Strikes out swinging
|
|
Batting: RHB Jochen Schanz
|
0-0: Called Strike 0-1: Called Strike 0-2: Strikes out looking
|
| Top of the 2nd over - 0 runs, 1 hit, 0 errors, 1 left on base; University of Southern California 0 - University of Minnesota 0 |
| BOTTOM OF THE 2ND |
|
University of Minnesota Golden Gophers batting - Pitching for University of Southern California Trojans : RHP Nick Hayes
|
|
Batting: RHB Jason Mooris
|
0-0: Fly out, F9 (Flyball, 9LM, EV 90.6 MPH)
|
|
Batting: RHB Jose Garrido
|
0-0: Fly out, F9 (Line Drive, 9D, EV 105.0 MPH)
|
|
Batting: RHB Ron Gooch
|
0-0: Ball 1-0: Called Strike 1-1: Ball 2-1: Ground out 6-3 (Groundball, 6, EV 104.4 MPH)
|
| Bottom of the 2nd over - 0 runs, 0 hits, 0 errors, 0 left on base; University of Southern California 0 - University of Minnesota 0 |
| TOP OF THE 3RD |
|
University of Southern California Trojans batting - Pitching for University of Minnesota Golden Gophers : LHP Dong-chan Kym
|
|
Batting: RHB Tri Kartini
|
0-0: Ball 1-0: Ball 2-0: Ground out 5-3 (Groundball, 5S, EV 54.4 MPH)
|
|
Batting: RHB Liangde Zhou
|
0-0: Ball 1-0: Ground out 6-3 (Groundball, 6, EV 80.0 MPH)
|
|
Batting: LHB Justin Veirs
|
0-0: Fly out, F9 (Line Drive, 9, EV 86.9 MPH)
|
| Top of the 3rd over - 0 runs, 0 hits, 0 errors, 0 left on base; University of Southern California 0 - University of Minnesota 0 |
| BOTTOM OF THE 3RD |
|
University of Minnesota Golden Gophers batting - Pitching for University of Southern California Trojans : RHP Nick Hayes
|
|
Batting: SHB Chris Rodgers
|
0-0: Called Strike 0-1: Called Strike 0-2: Ball 1-2: Ground out U3 (Groundball, 34S, EV 90.6 MPH)
|
|
Batting: RHB Roy Evenden
|
0-0: Ball 1-0: Swinging Strike 1-1: Foul Ball, location: 2F 1-2: Foul Ball, location: 2F 1-2: Ball 2-2: Ball 3-2: Strikes out swinging
|
|
Batting: LHB Phil Bonner
|
0-0: Ball 1-0: Ground out 5-3 (Groundball, 56S, EV 72.5 MPH)
|
| Bottom of the 3rd over - 0 runs, 0 hits, 0 errors, 0 left on base; University of Southern California 0 - University of Minnesota 0 |
| TOP OF THE 4TH |
|
University of Southern California Trojans batting - Pitching for University of Minnesota Golden Gophers : LHP Dong-chan Kym
|
|
Batting: LHB John Rumbolt
|
0-0: Foul Ball, location: 2F 0-1: Swinging Strike 0-2: Ball 1-2: Foul Ball, location: 2F 1-2: Ball 2-2: Strikes out looking
|
|
Batting: RHB Jeremy McAbee
|
0-0: Ball 1-0: Ball 2-0: SINGLE (Groundball, 6MD, EV 93.8 MPH)
|
|
Batting: RHB Jim Baltazar
|
0-0: Ball 1-0: Swinging Strike 1-1: Ball 2-1: Foul Ball, location: 2F 2-2: Foul Ball, location: 2F 2-2: Strikes out looking
|
|
Batting: LHB Eric Rosenstein
|
0-0: Ball 1-0: Called Strike 1-1: Ball 2-1: Foul Ball, location: 2F 2-2: Foul Ball, location: 2F 2-2: Ball 3-2: Foul Ball, location: 2F 3-2: SINGLE (Flyball, 8RS, EV 88.1 MPH) Jeremy McAbee to second Jeremy McAbee to third
|
|
Batting: RHB John Sandberg
|
0-0: SINGLE (Line Drive, 7S, EV 91.9 MPH) Jeremy McAbee scores Eric Rosenstein to second
|
|
Batting: RHB Jochen Schanz
|
0-0: Called Strike 0-1: Swinging Strike 0-2: Ball 1-2: Ball 2-2: Ball 3-2: Foul Ball, location: 2F 3-2: Strikes out swinging
|
| Top of the 4th over - 1 run, 3 hits, 0 errors, 2 left on base; University of Southern California 1 - University of Minnesota 0 |
| BOTTOM OF THE 4TH |
|
University of Minnesota Golden Gophers batting - Pitching for University of Southern California Trojans : RHP Nick Hayes
|
|
Batting: LHB Bobby Agterberg
|
0-0: Ball 1-0: Ball 2-0: Called Strike 2-1: Called Strike 2-2: Strikes out looking
|
|
Batting: RHB Jian-zhang Zhào
|
0-0: Ball 1-0: Called Strike 1-1: Called Strike 1-2: Strikes out swinging
|
|
Batting: LHB Jose Moncada
|
0-0: Called Strike 0-1: Called Strike 0-2: Strikes out swinging
|
| Bottom of the 4th over - 0 runs, 0 hits, 0 errors, 0 left on base; University of Southern California 1 - University of Minnesota 0 |
| TOP OF THE 5TH |
|
University of Southern California Trojans batting - Pitching for University of Minnesota Golden Gophers : LHP Dong-chan Kym
|
|
Batting: RHB Tri Kartini
|
0-0: Called Strike 0-1: Ball 1-1: Ball 2-1: Foul Ball, location: 2F 2-2: Foul Ball, location: 2F 2-2: Strikes out looking
|
|
Pitching: RHP Eddie Young
|
|
|
Batting: RHB Liangde Zhou
|
0-0: Called Strike 0-1: Ball 1-1: Swinging Strike 1-2: Ball 2-2: Ball 3-2: TRIPLE (Flyball, 89XD, EV 103.1 MPH)
|
|
Batting: LHB Justin Veirs
|
0-0: Swinging Strike 0-1: Foul Ball, location: 2F 0-2: Strikes out swinging
|
|
Batting: LHB John Rumbolt
|
0-0: Ground out 4-3 (Groundball, 4, EV 92.5 MPH)
|
| Top of the 5th over - 0 runs, 1 hit, 0 errors, 1 left on base; University of Southern California 1 - University of Minnesota 0 |
| BOTTOM OF THE 5TH |
|
University of Minnesota Golden Gophers batting - Pitching for University of Southern California Trojans : RHP Nick Hayes
|
|
Batting: RHB Jason Mooris
|
0-0: Called Strike 0-1: Ball 1-1: Swinging Strike 1-2: Fly out, F8 (Flyball, 8LS, EV 73.8 MPH)
|
|
Batting: RHB Jose Garrido
|
0-0: Ball 1-0: Foul Ball, location: 2F 1-1: Called Strike 1-2: Ball 2-2: DOUBLE (Line Drive, 9LM, EV 115.0 MPH)
|
|
Batting: RHB Ron Gooch
|
0-0: Ball 1-0: Ball 2-0: Ball 3-0: Called Strike 3-1: Fly out, F8 (Flyball, 8RS, EV 94.4 MPH)
|
|
Batting: SHB Chris Rodgers
|
0-0: Called Strike 0-1: Foul Ball, location: 2F 0-2: Strikes out swinging
|
| Bottom of the 5th over - 0 runs, 1 hit, 0 errors, 1 left on base; University of Southern California 1 - University of Minnesota 0 |
| TOP OF THE 6TH |
|
University of Southern California Trojans batting - Pitching for University of Minnesota Golden Gophers : RHP Eddie Young
|
|
Batting: RHB Jeremy McAbee
|
0-0: Ball 1-0: Ball 2-0: Called Strike 2-1: Ball 3-1: Ground out 4-3 (Groundball, 4M, EV 104.4 MPH)
|
|
Batting: RHB Jim Baltazar
|
0-0: Ball 1-0: Ball 2-0: Called Strike 2-1: Ball 3-1: Base on Balls
|
|
Batting: LHB Eric Rosenstein
|
0-0: Called Strike 0-1: Ball 1-1: Ball 2-1: Called Strike 2-2: Fielders Choice at 2nd, 6-4 (Groundball, 6M, EV 78.1 MPH)
|
|
Batting: RHB John Sandberg
|
0-0: Swinging Strike 0-1: Fielders Choice at 2nd, 5-4 (Groundball, 56, EV 103.8 MPH)
|
| Top of the 6th over - 0 runs, 0 hits, 0 errors, 1 left on base; University of Southern California 1 - University of Minnesota 0 |
| BOTTOM OF THE 6TH |
|
University of Minnesota Golden Gophers batting - Pitching for University of Southern California Trojans : RHP Nick Hayes
|
|
Batting: RHB Roy Evenden
|
0-0: Ground out 5-3 (Groundball, 6MS, EV 86.9 MPH)
|
|
Batting: LHB Phil Bonner
|
0-0: Called Strike 0-1: SINGLE (Line Drive, 5L, EV 99.4 MPH)
|
|
Batting: LHB Bobby Agterberg
|
0-0: Fielders Choice at 2nd, 4-6 (Groundball, 34, EV 83.8 MPH)
|
|
Batting: RHB Jian-zhang Zhào
|
0-0: Ball 1-0: Called Strike 1-1: Foul Ball, location: 2F 1-2: Fly out, F8 (Line Drive, 89M, EV 96.9 MPH)
|
| Bottom of the 6th over - 0 runs, 1 hit, 0 errors, 1 left on base; University of Southern California 1 - University of Minnesota 0 |
| TOP OF THE 7TH |
|
University of Southern California Trojans batting - Pitching for University of Minnesota Golden Gophers : RHP Eddie Young
|
|
Pitching: LHP Baden Trevelyan
|
|
|
Batting: RHB Jochen Schanz
|
0-0: Called Strike 0-1: Ball 1-1: Ball 2-1: Ball 3-1: Base on Balls
|
|
Batting: RHB Tri Kartini
|
0-0: Ball Jochen Schanz is caught stealing 2nd base 2-4 1-0: Called Strike 1-1: Ball 2-1: Swinging Strike 2-2: Strikes out looking
|
|
Batting: RHB Liangde Zhou
|
0-0: Foul Ball, location: 2F 0-1: Ball 1-1: Ball 2-1: Reached on error, E5 (Groundball, 5, EV 110.0 MPH)
|
|
Batting: LHB Justin Veirs
|
0-0: Ball 1-0: Called Strike 1-1: Ball 2-1: Ball 3-1: Base on Balls
|
|
Batting: LHB John Rumbolt
|
0-0: Ball 1-0: Foul Ball, location: 2F 1-1: Fielders Choice at 2nd, 5-4 (Groundball, 56, EV 85.0 MPH)
|
| Top of the 7th over - 0 runs, 0 hits, 1 error, 2 left on base; University of Southern California 1 - University of Minnesota 0 |
| BOTTOM OF THE 7TH |
|
University of Minnesota Golden Gophers batting - Pitching for University of Southern California Trojans : RHP Nick Hayes
|
|
Batting: LHB Jose Moncada
|
0-0: Ball 1-0: Reached on error, E3 (Groundball, 34, EV 83.8 MPH)
|
|
Batting: RHB Jason Mooris
|
0-0: Called Strike 0-1: Grounds into double play, 1-6-3 (Groundball, 13S, EV 75.0 MPH)
|
|
Batting: RHB Jose Garrido
|
0-0: Called Strike 0-1: Ground out 6-3 (Groundball, 6MS, EV 73.8 MPH)
|
| Bottom of the 7th over - 0 runs, 0 hits, 1 error, 0 left on base; University of Southern California 1 - University of Minnesota 0 |
| TOP OF THE 8TH |
|
University of Southern California Trojans batting - Pitching for University of Minnesota Golden Gophers : LHP Baden Trevelyan
|
|
Pitching: LHP Matt Wooldridge
|
|
|
Batting: RHB Jeremy McAbee
|
0-0: Swinging Strike 0-1: Ball 1-1: Foul Ball, location: 2F 1-2: Ground out U3 (Groundball, 34, EV 93.8 MPH)
|
|
Batting: RHB Jim Baltazar
|
0-0: Swinging Strike 0-1: Ball 1-1: Foul Ball, location: 2F 1-2: Ball 2-2: Strikes out swinging
|
|
Batting: LHB Eric Rosenstein
|
0-0: Ball 1-0: Ball 2-0: Fly out, F9 (Flyball, 9, EV 81.2 MPH)
|
| Top of the 8th over - 0 runs, 0 hits, 0 errors, 0 left on base; University of Southern California 1 - University of Minnesota 0 |
| BOTTOM OF THE 8TH |
|
University of Minnesota Golden Gophers batting - Pitching for University of Southern California Trojans : RHP Nick Hayes
|
|
Batting: RHB Ron Gooch
|
0-0: Called Strike 0-1: Ball 1-1: Ball 2-1: Fly out, F3 (Popup, 3SF, EV 70.0 MPH)
|
|
Pinch Hitting: LHB Hidehiro Kanno
|
0-0: Ground out U3 (Groundball, 3, EV 85.0 MPH)
|
|
Batting: RHB Roy Evenden
|
0-0: Fly out, F8 (Flyball, 8LD, EV 104.4 MPH)
|
| Bottom of the 8th over - 0 runs, 0 hits, 0 errors, 0 left on base; University of Southern California 1 - University of Minnesota 0 |
| TOP OF THE 9TH |
|
University of Southern California Trojans batting - Pitching for University of Minnesota Golden Gophers : LHP Matt Wooldridge
|
|
Now in CF: Ivan Villegas
|
|
|
Batting: RHB John Sandberg
|
0-0: Foul Ball, location: 2F 0-1: Called Strike 0-2: Ball 1-2: Ball 2-2: Foul Ball, location: 2F 2-2: Strikes out swinging
|
|
Batting: RHB Jochen Schanz
|
0-0: Ball 1-0: Foul Ball, location: 2F 1-1: Ground out 6-3 (Groundball, 6, EV 86.2 MPH)
|
|
Batting: RHB Tri Kartini
|
0-0: Called Strike 0-1: Foul Ball, location: 2F 0-2: Strikes out swinging
|
| Top of the 9th over - 0 runs, 0 hits, 0 errors, 0 left on base; University of Southern California 1 - University of Minnesota 0 |
| BOTTOM OF THE 9TH |
|
University of Minnesota Golden Gophers batting - Pitching for University of Southern California Trojans : RHP Nick Hayes
|
|
Pitching: LHP Cal Blashill
|
|
|
Pinch Hitting: RHB Tommy Molinaro
|
0-0: Ball 1-0: Foul Ball, location: 2F 1-1: Ball 2-1: Ball 3-1: Ground out 6-3 (Groundball, 4MS, EV 88.1 MPH)
|
|
Batting: LHB Bobby Agterberg
|
0-0: Foul Ball, location: 2F 0-1: Swinging Strike 0-2: Ball 1-2: Foul Ball, location: 2F 1-2: Strikes out swinging
|
|
Pinch Hitting: RHB Scott Rose
|
0-0: Ball 1-0: Fly out, F8 (Flyball, 8LXD, EV 100.6 MPH)
|
| Bottom of the 9th over - 0 runs, 0 hits, 0 errors, 0 left on base; University of Southern California 1 - University of Minnesota 0 |
|